 Dungeon Crawl Stone Soup version 0.30-a0-457-g4b7bca3bfa (webtiles) character file.

Game seed: 6403707017777030783

26935 pokeman the Eclecticist (level 13, -2/108 HPs)
             Began as a Deep Elf Hedge Wizard on Dec 13, 2022.
             Was a Priest of Vehumet.
             Slain by a six-headed hydra (8 damage)
             ... on level 5 of the Lair of Beasts.
             The game lasted 00:45:46 (15640 turns).

pokeman the Eclecticist (Deep Elf Hedge Wizard)    Turns: 15640, Time: 00:45:47

Health: -2/108     AC: 26    Str:  7    XL:     13   Next: 1%
Magic:  24/56      EV:  2    Int: 25    God:    Vehumet [***...]
Gold:   839        SH:  0    Dex: 14    Spells: 31/50 levels left

rFire   . . .      SeeInvis .    j - staff of conjuration
rCold   . . .      Faith    .    (no shield)
rNeg    . . .      Spirit   .    (body armour currently unavailable)
rPois   +          Reflect  .    (helmet currently unavailable)
rElec   .          Harm     .    (cloak currently unavailable)
rCorr   .          Rampage  .    (gloves currently unavailable)
Will    +....      NoTele   +    (boots currently unavailable)
Stlth   ++........               (no amulet)
HPRegen 0.38/turn                m - ring of magical power
MPRegen 0.35/turn                H - ring of magical power

@: tree-form, studying Long Blades
A: stationary, stasis, torment immunity, boosted hp
a: Renounce Religion


You were on level 5 of the Lair of Beasts.
You worshipped Vehumet.
Vehumet was most pleased with you.
You were a tree.
You visited 3 branches of the dungeon, and saw 16 of its levels.
You also visited: Bailey.

You collected 839 gold pieces.

Inventory:

Hand Weapons
 n - the +9 quarterstaff of Iteuxkes {speed, Dex+5}
   (You found it on level 8 of the Dungeon)

   Attacks with this weapon are significantly faster.
   Dex:       It affects your dexterity (+5).
 M - a +7 arbalest
Missiles
 K - a throwing net
 T - a curare-tipped dart
Armour
 c - a +0 hat (melded)
 i - a +2 leather armour of cold resistance
 o - a +0 pair of boots (melded)
 y - a +0 buckler
 I - a +0 robe of fire resistance
 N - a +0 cloak of stealth (melded)
 O - a +1 pair of gloves (melded)
 W - +0 acid dragon scales (melded)
Magical Staves
 j - a staff of conjuration (weapon)
Jewellery
 m - a ring of magical power (left branch)
 q - a ring of resist corrosion
 r - a ring of ice
 s - a +6 ring of intelligence
 v - a ring of see invisible
 x - a ring of ice
 H - a ring of magical power (right branch)
Wands
 u - a wand of digging (20)
 F - a wand of iceblast (11)
 G - a wand of flame (7)
 S - a wand of quicksilver (4)
Scrolls
 f - a scroll of brand weapon
 g - 8 scrolls of teleportation
 l - 4 scrolls of blinking
 p - 2 scrolls of fear
 A - a scroll of fog
 D - a scroll of amnesia
 J - a scroll of enchant weapon
Potions
 a - 5 potions of attraction
 d - 3 potions of magic
 e - 4 potions of flight
 h - 2 potions of mutation {unknown}
 k - 4 potions of resistance
 t - 9 potions of curing
 w - 3 potions of brilliance {unknown}
 z - 2 potions of heal wounds {unknown}
 B - 3 potions of ambrosia {unknown}
 C - 2 potions of might {unknown}
 E - a potion of invisibility {unknown}
 R - 3 potions of haste
 V - a potion of berserk rage {unknown}


   Skills:
 - Level 5.0 Fighting
 - Level 5.0 Armour
 - Level 3.0 Dodging
 - Level 3.0 Stealth
 + Level 4.6 Shields
 * Level 19.1 Spellcasting
 + Level 11.5 Conjurations
 - Level 1.1 Summonings
 - Level 1.1 Translocations
 + Level 7.6 Fire Magic
 - Level 1.1 Ice Magic
 - Level 1.1 Air Magic
 - Level 1.0 Poison Magic
 - Level 1.3 Evocations


You had 31 spell levels left.
You knew the following spells:

 Your Spells              Type           Power      Damage    Failure   Level
a - Magic Dart            Conj           100%       1d8       0%          1
b - Mephitic Cloud        Conj/Pois/Air  63%        N/A       1%          3
c - Call Imp              Summ           29%        N/A       1%          2
d - Blink                 Tloc           58%        N/A       1%          2
e - Foxfire               Conj/Fire      100%       2x1d9     1%          1
f - Orb of Destruction    Conj           44%        9d12      4%          7
g - Hailstorm             Conj/Ice       70%        3d15      1%          3

Your spell library contained the following spells:

 Spells                   Type           Power      Damage    Failure   Level
 Flame Wave               Conj/Fire      82%        2d18      1%          4
 Apportation              Tloc           58%        N/A       1%          1
 Freeze                   Ice            100%       1d10      1%          1
 Slow                     Hex            92%        N/A       1%          1
 Dazzling Flash           Conj/Hex       100%       N/A       1%          3
 Frozen Ramparts          Ice            58%        1d9       1%          3
 Cigotuvi's Dreadful Rot  Necr/Pois/Air  54%        N/A       2%          2
 Summon Guardian Golem    Hex/Summ       26%        N/A       4%          3
 Passage of Golubria      Tloc           29%        N/A       12%         4
 Summon Ice Beast         Ice/Summ       29%        N/A       12%         4
 Ice Form                 Ice/Tmut       26%        N/A       16%         4
 Spellforged Servitor     Conj/Summ      35%        N/A       30%         7
 Alistair's Intoxication  Tmut/Pois      17%        N/A       41%         5
 Silence                  Hex/Air        13%        N/A       41%         5
 Agony                    Necr           23%        N/A       47%         5
 Simulacrum               Ice/Necr       13%        N/A       94%         6
 Lehudib's Crystal Spear  Conj/Erth      34%        10d9      94%         8


Dungeon Overview and Level Annotations

Branches:
Dungeon (10/15)            Temple (1/1) D:5            Lair (5/5) D:8
  Swamp (0/4) Lair:2       Spider (0/4) Lair:3       Bailey (visited)
  Slime: Lair:4-5       Orc: D:9-12

Altars:
Ashenzari
Cheibriados
Dithmenos
Elyvilon
Fedhas
Gozag
Hepliaklqana
Kikubaaqudgha
Makhleb
Nemelex Xobeh
Okawaru
Qazlal
Ru
Trog
Uskayaw
Vehumet
Wu Jian
Xom
Yredelemnul
Zin
The Shining One
Lugonu

Annotations:
D:10 exclusion: 2 molten gargoyles
Lair:1 1 runed translucent door, NinjaNoafa's ghost, journeyman FeSu


Message History

A cane toad comes into view.
The foxfire hits the wolf.
The wolf is severely wounded.
The foxfire hits the wolf.
The wolf is severely wounded.
The wolf is engulfed in noxious fumes.
A six-headed hydra comes into view.
A black mamba comes into view.
The black mamba hisses angrily.
An elephant comes into view.
The six-headed hydra roars!
As you read the scroll of teleportation, it crumbles to dust.
You feel strangely unstable.
You feel stable enough to blink again.
The wolf is engulfed in noxious fumes.
The wolf bites the yak but does no damage.
The black mamba barely misses you.
Unknown command.
The black mamba bites you but does no damage.
Really quaff the potion of lignification?
You turn into a tree.
Your +0 cloak of stealth melds into your body.
Your +0 hat melds into your body.
Your +1 pair of gloves melds into your body.
Your +0 pair of boots melds into your body.
Your +0 acid dragon scales melds into your body.
You feel less stealthy.
Your roots penetrate the ground.
You feel strangely stable.
The black mamba bites you but does no damage.
Unknown command.
You hit the black mamba.
The black mamba is lightly wounded.
The black mamba bites you but does no damage.
The wolf barely misses the cane toad.
The black mamba bites you but does no damage.
The six-headed hydra bites you.
* * * LOW HITPOINT WARNING * * *
The six-headed hydra bites you but does no damage. x3
The six-headed hydra bites you!
You die...

Y##.#.....###.#.P
... .......#.....
.... ......#....
#... ..P.P...# .
...# ..P....#....
..##.......# .# .
#.#......# #.##..
#S.F...####......
##♣.Y.#...........
##.D)....##..†.....
#.......h#.......#
#.....#....<..#
#.....##......#
#....##..†..###
♣♣...♣~♣†..## .
♣♣..♣♣~♣P~##..
♣♣♣♣♣~♣♣♣~~~~P~P~.


You could see a six-headed hydra, a black mamba, a yak, a cane toad and a wolf
(confused).

Vanquished Creatures
  Snorg (Lair:3)
  2 hydras
  Fannar (Lair:3)
  A two-headed ogre (D:9)
  Amaemon (Lair:1)
  An orc knight (Bailey)
  A wolf spider (Lair:3)
  5 black mambas
  5 elephants (Lair:4)
  3 cane toads
  An orange demon (Lair:1)
  A rime drake (Lair:3)
  4 komodo dragons
  2 trolls
  10 blink frogs
  A polar bear (Lair:5)
  12 dream sheep
  5 wyverns
  2 basilisks
  29 yaks
  3 vampire mosquitoes (Lair:2)
  A steam dragon (D:7)
  An acid dragon (D:10)
  10 water moccasins
  5 orc warriors
  A sky beast (D:7)
  An ice beast (D:6)
  2 ogres
  10 wolves
  3 centaurs
  A phantom (D:4)
  2 kobold brigands
  17 bullfrogs
  4 necrophages
  A gnoll sergeant (D:8)
  4 scorpions
  3 wights (D:9)
  6 killer bees
  4 howler monkeys
  2 electric eels
  4 hounds
  5 jellies
  4 orc priests
  Crazy Yiuf (D:2)
  Natasha (thrice) (D:2)
  Terence (D:3)
  2 iguanas
  6 orc wizards
  4 adders
  7 gnolls
  A shadow imp (D:7)
  A white imp (D:5)
  2 ufetubi
  A worm (D:4)
  2 dart slugs (D:1)
  46 orcs
  5 ball pythons
  3 endoplasms
  2 giant cockroaches
  6 goblins
  5 hobgoblins
  6 jackals
  4 quokkas
  3 bats
  3 frilled lizards
  15 kobolds
  2 rats (D:1)
  A foxfire (Lair:3)
314 creatures vanquished.

Vanquished Creatures (collateral kills)
  A howler monkey (D:8)
  An orc wizard (D:5)
  A jackal (D:5)
  21 foxfires
24 creatures vanquished.

Vanquished Creatures (others)
  965 foxfires
  21 fungi
  56 plants
1042 creatures vanquished.

Grand Total: 1380 creatures vanquished

Notes
Turn   | Place    | Note
-------+----------+-------------------------------------------
     0 | D:1      | pokeman the Deep Elf Hedge Wizard began the quest for the
                  | Orb.
     0 | D:1      | Reached XP level 1. HP: 10/10 MP: 7/7
   314 | D:1      | Reached XP level 2. HP: 14/16 MP: 3/9
  1069 | D:2      | Reached skill level 5 in Spellcasting
  1234 | D:2      | Reached XP level 3. HP: 17/20 MP: 10/11
  1238 | D:2      | Learned a level 3 spell: Mephitic Cloud
  1241 | D:2      | Learned a level 2 spell: Call Imp
  1244 | D:2      | Learned a level 2 spell: Blink
  1442 | D:2      | Noticed Natasha
  1443 | D:2      | Noticed an ogre
  1457 | D:2      | Killed Natasha
  1458 | D:2      | Reached skill level 1 in Fighting
  1458 | D:2      | Reached skill level 1 in Armour
  1464 | D:2      | Killed an ogre
  1465 | D:2      | Reached skill level 6 in Spellcasting
  1465 | D:2      | Reached XP level 4. HP: 12/25 MP: 2/14
  1465 | D:2      | Reached XP level 5. HP: 14/29 MP: 2/15
  1694 | D:2      | Found a faded altar of an unknown god.
  1777 | D:2      | Noticed Natasha
  1783 | D:2      | Killed Natasha
  1804 | D:2      | Found a runed translucent door.
  1805 | D:2      | Noticed Crazy Yiuf
  1960 | D:2      | Killed Crazy Yiuf
  2085 | D:2      | Noticed Natasha
  2093 | D:2      | Killed Natasha
  2094 | D:2      | Reached skill level 1 in Poison Magic
  2138 | D:3      | Noticed Terence
  2147 | D:3      | Killed Terence
  2148 | D:3      | Reached skill level 1 in Air Magic
  2550 | D:4      | Reached XP level 6. HP: 34/34 MP: 17/17
  2730 | D:4      | Found a glowing golden altar of the Shining One.
  2749 | D:4      | Found a shimmering altar of Xom.
  2790 | D:4      | Reached skill level 7 in Spellcasting
  2790 | D:4      | Reached skill level 1 in Evocations
  2900 | D:4      | Reached skill level 1 in Shields
  2940 | D:4      | Reached XP level 7. HP: 20/38 MP: 20/20
  3086 | D:4      | Reached skill level 8 in Spellcasting
  3647 | D:5      | Entered Level 5 of the Dungeon
  3647 | D:5      | Found a shadowy altar of Dithmenos.
  3693 | D:4      | Reached skill level 9 in Spellcasting
  3854 | D:5      | Found a staircase to the Ecumenical Temple.
  3863 | Temple   | Entered the Ecumenical Temple
  3977 | D:5      | Reached XP level 8. HP: 43/43 MP: 21/23
  4182 | D:5      | Reached skill level 5 in Conjurations
  4467 | D:5      | Found an opulent altar of Gozag.
  4518 | D:5      | Reached skill level 10 in Spellcasting
  5307 | D:6      | Reached skill level 11 in Spellcasting
  5751 | D:7      | Reached XP level 9. HP: 30/50 MP: 26/26
  5783 | D:7      | Found a flagged portal.
  5848 | Bailey   | Entered a bailey
  6301 | Bailey   | Noticed an orc knight
  6402 | Bailey   | Reached skill level 12 in Spellcasting
  6576 | Bailey   | Killed an orc knight
  6777 | D:7      | Reached skill level 13 in Spellcasting
  7048 | D:7      | Found a bloodstained altar of Trog.
  7053 | D:7      | Found a radiant altar of Vehumet.
  7057 | D:7      | Became a worshipper of Vehumet
  7095 | D:7      | Found a stormy altar of Qazlal.
  7447 | D:8      | Reached XP level 10. HP: 40/56 MP: 29/29
  7785 | D:8      | Reached skill level 14 in Spellcasting
  7928 | D:8      | Identified the +9 quarterstaff of Iteuxkes {speed, Dex+5}
  7946 | D:8      | Found a blossoming altar of Fedhas.
  7979 | D:8      | Found a broken altar of Ashenzari.
  8115 | D:8      | Found a staircase to the Lair.
  8600 | D:8      | Reached * piety under Vehumet
  8600 | D:8      | Offered knowledge of Foxfire by Vehumet.
  8605 | D:8      | Learned a level 1 spell: Foxfire
  8838 | D:9      | Reached skill level 1 in Fire Magic
  8841 | D:9      | Reached skill level 15 in Spellcasting
  9171 | D:9      | Noticed a two-headed ogre
  9186 | D:9      | Killed a two-headed ogre
  9324 | D:9      | Found a white marble altar of Elyvilon.
  9414 | D:9      | Found a glowing silver altar of Zin.
  9508 | D:9      | Found a hazy altar of Hepliaklqana.
  9537 | D:10     | Entered Level 10 of the Dungeon
  9539 | D:10     | Noticed a molten gargoyle
  9573 | D:10     | Reached XP level 11. HP: 28/60 MP: 32/32
 10066 | Lair:1   | Entered Level 1 of the Lair of Beasts
 10069 | Lair:1   | Offered knowledge of Searing Ray by Vehumet.
 10077 | Lair:1   | Reached ** piety under Vehumet
 10377 | Lair:1   | Noticed Amaemon
 10396 | Lair:1   | Killed Amaemon
 10397 | Lair:1   | Reached skill level 16 in Spellcasting
 10441 | Lair:1   | Found a runed translucent door.
 10687 | Lair:1   | Noticed NinjaNoafa's ghost (journeyman FeSu)
 11150 | Lair:1   | Learned a level 7 spell: Orb of Destruction
 11697 | Lair:2   | Reached skill level 5 in Armour
 11814 | Lair:2   | Reached skill level 10 in Conjurations
 11940 | Lair:2   | Found a staircase to the Swamp.
 11962 | Lair:2   | Offered knowledge of Kindle Blastsparks by Vehumet.
 12081 | Lair:2   | Reached skill level 5 in Fire Magic
 12211 | Lair:2   | Reached skill level 17 in Spellcasting
 12389 | Lair:2   | Noticed a six-headed hydra
 12419 | Lair:2   | Killed a six-headed hydra
 12788 | Lair:3   | Noticed Fannar
 12809 | Lair:3   | Killed Fannar
 12820 | Lair:3   | Reached XP level 12. HP: 37/66 MP: 30/35
 12925 | Lair:3   | Identified the +0 dagger of Xihysuf {venom, Str+3 Int+3
                  | Dex+3}
 13106 | Lair:3   | Identified the +0 war axe of the Moon {holy, Dex+2}
 13280 | Lair:3   | Found a hole to the Spider Nest.
 13286 | Lair:3   | Noticed Snorg
 13353 | Lair:3   | Killed Snorg
 13353 | Lair:3   | Reached *** piety under Vehumet
 13371 | Lair:3   | Reached skill level 18 in Spellcasting
 13531 | Lair:3   | Learned a level 3 spell: Hailstorm
 14075 | Lair:4   | Reached skill level 1 in Ice Magic
 14571 | Lair:4   | Reached skill level 5 in Fighting
 14792 | Lair:4   | Noticed a six-headed hydra
 14797 | Lair:4   | Killed a six-headed hydra
 14863 | Lair:4   | Offered knowledge of Flame Wave by Vehumet.
 15557 | Lair:5   | Entered Level 5 of the Lair of Beasts
 15590 | Lair:5   | Reached skill level 19 in Spellcasting
 15623 | Lair:5   | Reached XP level 13. HP: 18/72 MP: 28/38
 15633 | Lair:5   | HP: 2/72 [yak (11)]
 15640 | Lair:5   | Slain by a six-headed hydra

Illustrated notes

Levels and vault maps discovered:
D:1:      dpeg_arrival_erosion, layout_loops_cross
D:2:      layout_basic, ebering_ecumenical_altar_sacrificial,
          uniq_crazy_yiuf_cottage, uniq_natasha
D:3:      layout_rooms, uniq_terence
D:4:      layout_rooms, minitemple, grunt_ministairs_3,
          chequers_serial_rivers_micro_e, minmay_manual_mandibuliform
D:5:      layout_gridville, mainiacjoe_overflow_boulevard,
          mainiacjoe_overflow_alcove_4, minmay_temple_entry_sparse_star
D:6:      layout_loops_ring
D:7:      layout_cave_pools, nicolae_qazlal_eye_of_the_storm,
          mainiacjoe_overflow_big_doors, enter_bailey_2, lemuel_flame_loot_1
D:8:      layout_loops_corners, mainiacjoe_overflow_chevrons,
          mainiacjoe_overflow_concentric_impassable, lair_entry_dummy
D:9:      layout_rooms, marbit_many_paths, worldfamousw_hep_ancestral_shrine,
          nicolae_elyvilon_temple_path
D:10:     layout_stronghold, nicolae_overflow_crystal_walls, minivault_8
Temple:   corrupted_temple
Lair:1:   layout_gridlike, hellmonk_ghost_happy_afterlife, minivault_25,
          infiniplex_staircase_pool, lemuel_fruit_tree, uniq_amaemon
Lair:2:   layout_chaotic_city, minmay_swamp_entry_swarm
Lair:3:   layout_long_grid, spider_nest_entry_rubble, uniq_snorg, uniq_fannar
Lair:4:   layout_cave_pods, serial_bayou_ford_a
Lair:5:   minmay_lair_end_enchanted_forest, layout_concentric_octagons,
          slime_entry_2, small_statue_intersection, serial_bayou_lagoon_b

Skill      XL: |  1  2  3  4  5  6  7  8  9 10 11 12 |
---------------+-------------------------------------+-----
Spellcasting   | 5 6 7 9 11 13 15 17 19 | 19.1
Fighting       | 1 3 5 |  5.0
Armour         | 1 2 3 4 5 |  5.0
Conjurations   | 2 3 4 6 7 9 10 11 | 11.5
Dodging        | 3 |  3.0
Stealth        | 3 |  3.0
Poison Magic   | 1 |  1.0
Air Magic      | 1 |  1.1
Evocations     | 1 |  1.3
Shields        | 1 2 3 4 |  4.6
Fire Magic     | 2 5 7 |  7.6
Ice Magic      | 1 |  1.1
Summonings     | |  1.1
Translocations | |  1.1

Action                   |  1- 3 |  4- 6 |  7- 9 | 10-12 | 13-15 || total
-------------------------+-------+-------+-------+-------+-------++-------
Melee: Dagger            |    23 |    35 |   118 |    14 |       ||   190
       Punch             |     1 |       |     4 |       |       ||     5
       Quarterstaff      |       |       |       |    82 |       ||    82
       Staff             |       |       |       |     1 |     3 ||     4
 Cast: Magic Dart        |    51 |    62 |   246 |    42 |       ||   401
       Mephitic Cloud    |     2 |     6 |    34 |    46 |     2 ||    90
       Call Imp          |       |     2 |     4 |     1 |       ||     7
       Blink             |       |       |     2 |    17 |     1 ||    20
       Foxfire           |       |       |       |   539 |     5 ||   544
       Hailstorm         |       |       |       |    28 |       ||    28
Evoke: Wand              |       |       |     1 |     2 |     2 ||     5
  Use: Scroll            |       |       |       |    16 |     1 ||    17
       Potion            |       |       |       |     2 |     1 ||     3
 Stab: Confused          |     2 |     1 |    10 |    14 |     1 ||    28
       Sleeping          |       |     2 |       |       |       ||     2
Armor: Robe              |     9 |       |     9 |       |       ||    18
       Leather armour    |       |     8 |    31 |       |       ||    39
       Steam dragon scal |       |       |    11 |    28 |       ||    39
       Acid dragon scale |       |       |       |    39 |     2 ||    41
       Skin              |       |       |       |       |     6 ||     6
Dodge: Dodged            |    17 |    23 |   108 |   139 |     3 ||   290

Table legend: (Time is in decaauts)
 A = Elapsed time spent in this place.
 B = Non-inter-level travel time spent in this place.
 C = Inter-level travel time spent in this place.
 D = Time resting spent in this place.
 E = Time spent auto-exploring this place.
 F = Levels seen in this place.
 G = Mean time per level.
                   A        B        C        D        E       F      G
               +--------+--------+--------+--------+--------+-----+--------+
         Total |  15666 |  15007 |    659 |    723 |  11443 |  17 |  921.5 |
       Dungeon |   9429 |   8944 |    485 |    337 |   7031 |  10 |  942.9 |
        Temple |     94 |     78 |     16 |      0 |     24 |   1 |   94.0 |
          Lair |   5395 |   5238 |    157 |    171 |   4222 |   5 | 1079.0 |
        Bailey |    747 |    747 |      0 |    215 |    166 |   1 |  747.0 |
               +--------+--------+--------+--------+--------+-----+--------+

Top non-repeatable levels by time:
  Lair:4: 1692 daAuts
     D:8: 1412 daAuts
  Lair:1: 1239 daAuts
  Lair:2: 1199 daAuts
  Lair:3: 1176 daAuts
     D:4: 1167 daAuts
     D:5: 1059 daAuts
     D:1: 1053 daAuts
     D:2: 1048 daAuts
     D:7: 1008 daAuts
     D:6: 957 daAuts
     D:9: 818 daAuts
  Bailey: 747 daAuts
    D:10: 464 daAuts
     D:3: 438 daAuts
